Map: Dusty Gorge

Players

MonstroTown - Winner!

  • Race: Terran Terran
  • Spawn Location: 5:00

Michael - Winner!

  • Race: Zerg Zerg
  • League: Gold
  • Spawn Location: 3:00

therobogecko

  • Race: Zerg Zerg
  • League: Platinum
  • Spawn Location: 9:00

Covariance

  • Race: Terran Terran
  • League: Diamond
  • Spawn Location: 11:00

VOD

Have the link to the VOD?

Description

Time

  • Played on: Oct. 6, 2018, 6:59 p.m.
  • Length: 9:57
Show
View Real Time Build Order
Export as new Build Order

MonstroTown Terran - Winner!

Build Orders: MMM Bio 

Get SALT Encoding   

  12  0:01  SCV  
  13  0:13  SCV  
  14  0:19  Supply Depot  
  14  0:25  SCV  
  15  0:41  SCV  
  15  0:42  Barracks  
  16  0:51  Refinery  
  16  0:53  SCV  
  17  1:03  Barracks  
  17  1:05  SCV  
  18  1:17  SCV  
  19  1:26  Refinery  
  19  1:31  Orbital Command  
  19  1:34  Reaper  
  19  1:39  Supply Depot  
  20  1:53  Reaper  
  21  1:58  SCV  
  22  2:01  Supply Depot  
  22  2:08  Marine  
  23  2:25  Reaper  
  23  2:26  Reaper  
  23  2:28  SCV  
  26  2:57  Reaper  
  27  2:59  Command Center  
  27  3:03  Marine  
  27  3:19  Factory, SCV  
  28  3:21  Reaper  
  28  3:22  Barracks  
  27  3:51  Reaper  
  27  3:53  Reaper  
  29  3:57  SCV  
  29  4:02  Barracks  
  28  4:09  SCV  
  29  4:14  Marine  
  29  4:15  Factory Tech Lab  
  31  4:21  SCV  
  31  4:23  Marine  
  33  4:28  Orbital Command  
  32  4:36  Siege Tank  
  35  4:40  Barracks Tech Lab  
  35  4:42  Starport  
  35  4:43  Marine  
  33  5:11  Marine  
  33  5:12  Marauder, Marine  
  33  5:14  Siege Tank  
  38  5:21  SCV x2  
  38  5:25  Engineering Bay x2  
  38  5:28  Medivac  
  41  5:30  Stimpack, Barracks Reactor  
  41  5:32  Barracks Tech Lab  
  41  5:33  SCV x2  
  43  5:45  SCV x2  
  43  5:49  Marauder  
  50  5:50  Siege Tank  
  50  6:00  Refinery  
  50  6:01  Refinery  
  50  6:03  Marine  
  51  6:07  Medivac  
  53  6:12  SCV  
  53  6:16  Supply Depot x2  
  54  6:19  SCV, Marine x3  
  54  6:22  Terran Infantry Weapons Level 1  
  54  6:25  SCV  
  61  6:33  Marauder  
  61  6:36  SCV  
  61  6:38  SCV  
  63  6:40  Starport Reactor  
  63  6:45  Terran Infantry Armor Level 1  
  63  7:17  Marine  
  63  7:18  Marine x3  
  67  7:30  Missile Turret x2  
  67  7:35  Marine x2  
  67  7:36  Marine x2  
  71  7:44  Armory  
  71  7:52  Viking x2  
  71  7:53  Marine  
  71  7:58  Marine x2  
  78  8:04  Marine  
  78  8:05  Missile Turret  
  79  8:23  Combat Shields  
  79  8:24  Marine x3  
  79  8:25  Marauder  
  79  8:27  SCV x2  
  86  8:58  Supply Depot  
  86  9:00  Supply Depot  
  86  9:17  Barracks x2  
  86  9:19  Marine x3  
  86  9:20  Siege Tank, SCV x2  
  86  9:22  Marauder  
  96  9:27  Medivac  
Show
View Real Time Build Order
Export as new Build Order

Michael Zerg - Winner!

Build Orders: Pool First 

Get SALT Encoding   

  12  0:01  Drone  
  13  0:12  Overlord  
  13  0:18  Drone  
  14  0:31  Drone x2  
  14  0:34  Drone  
  17  0:37  Extractor  
  16  0:45  Drone  
  17  0:53  Spawning Pool  
  17  0:56  Drone  
  17  1:08  Drone  
  18  1:26  Hatchery  
  18  1:30  Drone  
  18  1:42  Queen  
  20  1:49  Metabolic Boost  
  20  1:54  Zergling x2  
  21  2:02  Overlord  
  21  2:09  Zergling x2  
  22  2:19  Queen  
  24  2:31  Zergling x6  
  27  2:41  Queen  
  29  2:57  Zergling x8  
  32  3:12  Zergling x8  
  33  3:31  Zergling x2  
  33  3:32  Zergling x2  
  35  3:37  Overlord x2  
  35  3:44  Lair  
  33  4:04  Drone  
  33  4:05  Drone x4  
  37  4:16  Drone x3  
  40  4:19  Drone  
  41  4:26  Drone x2  
  41  4:28  Drone  
  41  4:31  Drone  
  45  4:41  Zergling x6  
  47  4:47  Drone  
  47  4:48  Drone  
  44  5:05  Zergling x4  
  44  5:06  Zergling x8  
  48  5:13  Drone  
  48  5:38  Drone x4  
  47  6:04  Spire  
  47  6:05  Hydralisk Den  
  47  6:08  Roach Warren, Drone  
  47  6:09  Drone x2  
  47  6:10  Extractor, Drone x3  
  49  6:13  Hatchery  
  49  6:17  Hatchery  
  47  6:22  Zergling x8  
  47  6:23  Zergling x2  
  52  6:30  Overlord  
  52  6:31  Overlord x2  
  52  6:39  Muscular Augments, Infestation Pit  
  51  6:47  Drone  
  51  6:53  Drone x7  
  59  7:09  Drone x3  
  59  7:13  Queen  
  59  7:14  Queen  
  66  7:23  Evolution Chamber  
  65  7:34  Hydralisk x10  
  85  7:46  Queen  
  85  7:50  Drone  
  85  7:51  Overlord x2  
  88  7:52  Overlord  
  88  7:55  Overlord  
  88  7:57  Overlord  
  88  8:03  Grooved Spines  
  88  8:09  Queen  
  88  8:10  Extractor x2, Drone  
  88  8:11  Drone x2  
  91  8:14  Drone x2  
  91  8:15  Drone  
  91  8:17  Drone x5  
  91  8:18  Drone  
  100  8:21  Extractor  
  100  8:23  Extractor  
  100  8:24  Drone  
  100  8:25  Extractor x2, Drone x2  
  100  8:27  Drone  
  100  8:28  Drone  
  100  8:35  Hydralisk x2  
  100  8:42  Burrow  
  100  8:50  Infestation Pit  
  99  9:03  Drone  
  99  9:04  Drone x2  
  99  9:06  Drone  
  99  9:07  Drone x2  
  105  9:16  Evolution Chamber  
Show
View Real Time Build Order
Export as new Build Order

therobogecko Zerg 

Build Orders: Hatch First 

Get SALT Encoding   

  12  0:01  Drone  
  13  0:15  Overlord  
  13  0:19  Drone  
  14  0:34  Drone x2  
  16  0:58  Extractor  
  16  0:59  Hatchery  
  16  1:00  Drone  
  16  1:04  Drone  
  16  1:23  Spawning Pool  
  16  1:25  Drone  
  16  1:29  Drone  
  17  1:35  Drone  
  18  1:43  Overlord  
  18  1:51  Drone  
  19  2:00  Drone  
  20  2:09  Metabolic Boost  
  20  2:12  Queen  
  22  2:22  Zergling x4  
  24  2:23  Zergling x2  
  24  2:27  Zergling x2  
  26  2:42  Zergling x6  
  27  2:55  Zergling x4  
  27  2:56  Zergling x2  
  26  3:10  Zergling x2  
  26  3:11  Zergling x2  
  26  3:18  Queen  
  27  3:26  Zergling x2  
  27  3:27  Zergling x6  
  4  4:54  Drone x3  
  7  5:19  Drone  
  4  5:54  Drone  
Show
View Real Time Build Order
Export as new Build Order

Covariance Terran 

Build Orders: Command Center First (CC) 

Get SALT Encoding   

  12  0:02  SCV  
  13  0:19  SCV  
  13  0:20  Supply Depot  
  14  0:33  SCV  
  15  0:45  SCV  
  16  1:07  SCV  
  17  1:16  Refinery  
  17  1:19  SCV  
  17  1:20  Command Center  
  18  1:34  SCV  
  18  1:38  Barracks, Refinery  
  19  1:49  SCV  
  20  2:08  Barracks  
  20  2:16  Supply Depot  
  20  2:30  Marine  
  20  2:34  Orbital Command  
  21  2:43  Orbital Command  
  21  2:53  Factory  
  21  3:02  Marine  
  22  3:07  Marine  
  22  3:10  SCV  
  24  3:20  Marine  
  24  3:30  Barracks Reactor  
  23  3:37  Cyclone  
  23  3:38  Marine  
  26  3:47  SCV x2  
  28  3:59  SCV x2  
  30  4:04  Bunker  
  30  4:11  SCV  
  30  4:15  SCV  
  32  4:17  Factory Tech Lab  
  32  4:18  Marine x3  
  32  4:23  SCV  
  36  4:33  Starport  
  36  4:35  SCV  
  36  4:36  Barracks  
  37  4:41  Siege Tank  
  40  4:53  Marine x2  
  37  5:13  SCV  
  37  5:14  Bunker, SCV  
  37  5:15  Medivac  
  37  5:16  Marine x2  
  41  5:26  Barracks Tech Lab  
  41  5:30  SCV x2  
  43  5:42  SCV x2  
  45  5:51  Stimpack  
  45  5:54  SCV  
  46  6:01  SCV, Supply Depot  
  47  6:13  SCV x2  
  47  6:14  Siege Tank  
  47  6:16  Command Center  
  52  6:25  SCV  
  53  6:26  SCV  
  53  6:28  Liberator  
  53  6:31  Engineering Bay x2  
  54  6:33  Refinery x2  
  54  6:36  Marine  
  54  6:37  SCV, Marine x2  
  54  6:38  SCV  
  59  6:41  Medivac  
  59  6:45  Supply Depot  
  64  6:49  SCV  
  64  6:50  SCV  
  66  6:54  Marine  
  66  6:59  Marine x2  
  69  7:07  Siege Tank, Supply Depot  
  69  7:08  SCV  
  73  7:12  Marine  
  74  7:16  Marine  
  74  7:20  SCV  
  76  7:23  SCV  
  77  7:31  Missile Turret  
  77  7:32  SCV  
  77  7:34  Missile Turret  
  78  7:37  Missile Turret, Marine x2  
  78  7:38  Missile Turret, Marine  
  78  7:41  Widow Mine  
  83  7:48  Missile Turret  
  83  7:50  Missile Turret, Orbital Command  
  83  7:53  Terran Infantry Armor Level 1  
  83  7:55  Marine x3  
  83  7:56  Terran Infantry Weapons Level 1  
  86  8:04  Barracks  
  86  8:12  Factory  
  86  8:13  Siege Tank, Marine x3  
  92  8:31  Medivac, Marine x3  
  92  8:32  Medivac  
  99  8:46  Armory  
  99  8:48  Marine  
  99  8:49  Marine  
  101  9:10  Factory Reactor  
  101  9:35  Marine x3  
Tags
 
Add a new tag
Caveats
  • Supply blocks, unpowered buildings, or Contaminate may cause inaccurate times.
  • Supply counts are checked every 10 seconds.